[Event "10th Cherry Blossom Classic 2023"]
[Site "Dulles"]
[Date "2023.05.27"]
[Round "3.10"]
[White "Ouellet, Maili-Jade"]
[Black "Stearman, Josiah"]
[Result "1/2-1/2"]
[ECO "D27"]
[WhiteElo "2246"]
[BlackElo "2385"]
[Annotator "TA"]
[PlyCount "123"]
[EventDate "2023.05.24"]
[EventType "swiss"]
[EventCountry "USA"]
[SourceTitle "playchess.com"]
[Source "ChessBase"]
[SourceQuality "1"]
[TimeControl "5400+30"]

1. d4 d5 2. c4 dxc4 3. Nf3 Nf6 4. e3 e6 5. Bxc4 a6 6. O-O c5 7. b3 Nbd7 8. Bb2 Be7 9. Nbd2 {[%emt 0:01:14] 9.Nbd2 is better than 9.dxc5. D27: Queen's Gambit Accepted: Classical main line: 7 e4!? and 7 a4.} b6 10. Qe2 Bb7 11. Rfd1 {[%emt 0:00:51] White has an edge.} O-O 12. a4 Qb8 13. h3 {[%emt 0:05:15] [#]} cxd4 $146 ({Predecessor:} 13... Rd8 14. Rac1 Qa7 15. dxc5 Nxc5 16. Ne5 Rac8 17. Ndf3 h6 18. Nxf7 Bxf3 19. Nxh6+ gxh6 20. Qxf3 {1-0 Nihal,S (2670)-Nakamura,H (2768) Speed Chess Chess.com INT blitz 2022 (3.37)}) 14. Bxd4 e5 ({Black should play} 14... Rd8 $11) 15. Bb2 $14 e4 16. Nd4 g6 {[%emt 0:00:43] Wards off Nf5} ({Better is} 16... Rc8 $14) 17. Ne6 $1 $18 fxe6 18. Bxe6+ Rf7 19. Nc4 $1 (19. Bxf7+ Kxf7 20. Nxe4 Bxe4 $15) 19... b5 (19... Nc5 $142 20. Bxf7+ Kxf7) 20. axb5 (20. Bxf6 $1 $18 {is the precise move to win.} Nxf6 21. Nb6) 20... axb5 $16 21. Na5 {[%emt 0:08:26][%cal Bc4a5,Ba5b7,Bb7d6,Bd6e4][%mdl 32] Really sharp! White is much more active.} Nc5 22. Bxf7+ Kxf7 23. Qxb5 Nd3 24. Nxb7 ({Not} 24. Rxd3 exd3 25. Qxd3 (25. Qxb7 $2 {loses.} Qxb7 26. Nxb7 Rxa1+ 27. Bxa1 d2 $19) (25. Nxb7 Rxa1+ 26. Bxa1 d2 $17) 25... Be4 $17) 24... Nxb2 {[%emt 0:00:09] A dynamic duo of knights.} 25. Rxa8 Qxa8 26. Rd4 Nd3 {[%emt 0:04:15] [#] Inhibits Nc5.} 27. Nd6+ $1 ({Stronger than} 27. Qc4+ Kf8 28. Qc7 Ne8 $15) 27... Kg7 {[%emt 0:13:34] [#]} (27... Bxd6 $16 28. Rxd6 Qa1+ 29. Kh2 Ke7) 28. Nxe4 $1 $18 {[%emt 0:01:21][%mdl 576] Remove Defender} Nxe4 29. Qxd3 Nf6 30. b4 Qa1+ 31. Qf1 Qb2 32. b5 {[%emt 0:00:50] Qc4 is the strong threat.} Bc5 33. Ra4 Kh6 (33... Qd2 $142 34. Qa1 Kf7) 34. Qc4 Qb1+ 35. Kh2 Bd6+ {[%emt 0:00:02] [#]} 36. g3 $1 Nh5 37. Kg2 Bxg3 (37... Nxg3 $142 38. fxg3 Qb2+ 39. Kg1 Bxg3) 38. fxg3 {[%emt 0:00:52][%mdl 4096] Endgame Threatens to win with g4. KQR-KQN} Qe1 39. Kf3 Qxg3+ 40. Ke2 Qxh3 41. b6 Ng3+ 42. Kd3 Qf5+ 43. Kd2 Qf2+ 44. Kd1 {[%emt 0:00:33] Threatening mate with Qh4+.} Qg1+ 45. Kc2 {[%emt 0:00:05] Qf4+ would kill now.} Nf5 46. Qf4+ Kh5 47. Ra5 (47. Qf3+ $142 Kh6 48. b7 Nxe3+ 49. Kd2) 47... Qg2+ 48. Kb3 {[%emt 0:00:17] Rxf5+ would be deadly.} Qc6 49. Qc7 Qe6+ 50. Kb4 {[%emt 0:00:21] Black must now prevent b7.} Qe4+ 51. Kb5 {[%emt 0:00:24] aiming for b7.} Qd3+ 52. Qc4 Qd8 53. Qc5 Kg4 54. Ra4+ (54. b7 $142 h6 55. Qe5 Nd6+ 56. Kc6 Qxa5 57. Qxa5 Nxb7 58. Kxb7 Kf3 59. Qe5) 54... Kh3 55. Rb4 Qe8+ 56. Qc6 $2 (56. Kc4 $18 Qe4+ 57. Kc3) 56... Nd6+ $11 {[%emt 0:00:17] The position is equal.} 57. Kc5 {[%emt 0:00:05] White wants to mate with Qf3+.} Qe5+ 58. Qd5 Nb7+ 59. Kc4 (59. Kc6 $5 Na5+ $8 60. Kc5 Nb7+ 61. Kc6 Na5+ 62. Kc5 Nb7+ $11) 59... Nd6+ 60. Kc5 Nb7+ 61. Kc6 Na5+ 62. Kc5 {[%emt 0:01:08] Blacks defense is rewarded with a draw. An interesting game.   Weighted Error Value: White=0.18 (very precise) /Black=0.51} 1/2-1/2

[Event "10th Cherry Blossom Classic 2023"]
[Site "Dulles"]
[Date "2023.05.27"]
[Round "3.11"]
[White "Williams, Justus"]
[Black "Tanenbaum, Zachary"]
[Result "0-1"]
[ECO "A09"]
[WhiteElo "2396"]
[BlackElo "2261"]
[Annotator "TA"]
[PlyCount "116"]
[EventDate "2023.05.24"]
[EventType "swiss"]
[EventCountry "USA"]
[SourceTitle "playchess.com"]
[Source "ChessBase"]
[SourceQuality "1"]
[TimeControl "5400+30"]

1. Nf3 d5 2. c4 d4 3. b4 c5 4. bxc5 Nc6 5. d3 e5 6. g3 {[%emt 0:00:42] A09: Réti Opening: 1 Nf3 d5 2 c4.} Bxc5 7. Bg2 h6 8. Nbd2 {[%emt 0:02:55] The position is equal.} Nf6 9. Rb1 O-O 10. O-O Rb8 {[%emt 0:08:35] [#]} 11. Ne1 $146 ({Predecessor:} 11. Ng5 hxg5 12. Bxc6 Bh3 13. Bg2 Bxg2 14. Kxg2 g4 15. Nb3 Be7 16. Bg5 Nd7 17. Bd2 {0-1 Melendez Arce,C (1632)-Cabezas Solano,D (1962) San Jose Picado 2021 (7)}) 11... Bf5 ({Better is} 11... Bg4 $15) 12. f4 $11 exf4 13. Nb3 Bd6 14. Bxf4 Bg4 15. Bxd6 Qxd6 16. Nc2 Qe5 (16... Rbe8 $142 17. Rf2 Bd7) 17. Rf2 Rbd8 18. Qd2 Rfe8 19. Re1 Qh5 20. Rf4 Rxe2 21. Rxe2 Bxe2 22. Ncxd4 Nxd4 23. Nxd4 Bg4 24. Nb3 (24. Bxb7 $11 Qc5 25. Bg2) 24... b6 $15 25. d4 Re8 26. Nc1 {[%emt 0:02:49] Repels Re2} Qg5 {[%emt 0:00:28] aiming for ...Nh5.} 27. Qc3 Nh5 {[%emt 0:00:35] Black is more active.} (27... Bf5 $15) 28. Re4 Rxe4 29. Bxe4 Nf6 30. Bg2 Qf5 31. Nd3 Ne4 ({Black should play} 31... Be2 $1 $15 32. Nc1 (32. Nf4 Qb1+ 33. Kf2 Bd1 $17) 32... Bg4) 32. Qe1 $1 $11 Ng5 33. Qe3 Bh3 34. Bxh3 Qxh3 {[%emt 0:00:15][%mdl 4096] Endgame KQN-KQN} 35. Nf2 Qf5 36. Kg2 Ne6 37. d5 Nc5 38. g4 Qf6 39. h4 Kf8 40. Qg3 Ke7 41. Qc7+ Nd7 $1 42. Qxa7 Qxh4 43. Qc7 Qg5 44. a4 (44. Qg3 $11) 44... h5 (44... Qe5 $15 45. Qc6 Qd4) 45. a5 bxa5 46. Qxa5 {[%emt 0:00:02][%cal Od5d6] [#] Black must now prevent d6+!} Qe3 47. gxh5 Qg5+ 48. Kf1 {[%emt 0:00:04][%cal Od5d6] d6+! would be deadly.} Qc1+ 49. Ke2 Qxc4+ 50. Ke3 Nf6 51. Qa7+ Kd6 52. Qxf7 {[%emt 0:00:19] Hoping for Qe6+.} Nxd5+ 53. Kf3 $2 {[%emt 0:00:28][%mdl 8192] [#] This costs White the game.} (53. Kd2 $11) 53... Qb3+ {[%emt 0:00:09] Black mates.} 54. Nd3 Qxd3+ 55. Kg4 Nf6+ 56. Kf4 Qf1+ 57. Kg5 Qg2+ 58. Kf4 Qf2+ {[%emt 0:00:08] Weighted Error Value: White=0.18 (very precise) /Black=0.08 (flawless)} 0-1

[Event "10th Cherry Blossom Classic 2023"]
[Site "Dulles"]
[Date "2023.05.27"]
[Round "3.12"]
[White "Senft, Sean"]
[Black "Matviishen, Viktor"]
[Result "0-1"]
[ECO "B14"]
[WhiteElo "2089"]
[BlackElo "2538"]
[Annotator "TA"]
[PlyCount "88"]
[EventDate "2023.05.24"]
[EventType "swiss"]
[EventCountry "USA"]
[SourceTitle "playchess.com"]
[Source "ChessBase"]
[SourceQuality "1"]
[TimeControl "5400+30"]

1. c4 Nf6 2. d4 g6 3. Nc3 d5 4. Bg5 Bg7 5. e3 c5 6. Nf3 cxd4 7. exd4 Ne4 8. Be3 {[%emt 0:03:26] B14: Caro-Kann: Panov-Botvinnik Attack with 5...e6 and 5...g6.} (8. Nxd5 $2 Nxg5 9. Nxg5 e6 10. Nxf7 (10. Qa4+ $2 Bd7 $19) 10... Kxf7 11. Qf3+ Kg8 $19) 8... Nxc3 9. bxc3 dxc4 10. Bxc4 {[%emt 0:01:16] [#] The position is equal.} O-O $146 ({Predecessor:} 10... Nc6 11. O-O O-O 12. Rc1 Bg4 13. h3 Bxf3 14. Qxf3 e5 15. Rfd1 Rc8 16. d5 Na5 {0-1 Sochor,S (2045)-Pisk,P (2250) Litomysl op 1994}) 11. Qd2 Nc6 12. O-O Bg4 13. Ng5 (13. Be2 {simplifies} Na5 14. Rfe1 Rc8 15. Bg5) 13... e5 14. h3 exd4 {[%emt 0:05:44] [#]} (14... Bf5 $11) 15. cxd4 (15. hxg4 dxe3 16. Qxe3 Ne5 $15) (15. Nxf7 $1 $16 Rxf7 16. Bxf7+ Kxf7 17. Bg5 (17. hxg4 dxe3 18. Qxe3 Qd7 $17)) 15... Bf5 $14 16. Rad1 Rc8 17. Rfe1 (17. g4 $5 Bd7 $8 18. Rc1 $11) 17... Na5 18. Bxf7+ Rxf7 19. Nxf7 Kxf7 20. Bg5 Qd5 21. Re7+ Kg8 {[%emt 0:00:09][%cal Oh7h6] Active counter play!} 22. Rde1 Nc6 (22... Bxd4 $2 23. Bf6 Bxh3 24. gxh3 $18 (24. Bxd4 $2 Qxg2#)) 23. Rxb7 Bd7 {[%emt 0:03:13] Some like it hot} (23... Bxd4 24. Bf6 Bd7 25. Rd1 $16) (23... Qxd4 {feels hotter.} 24. Qe2 Qd5 25. Rd1 Qe5) 24. Rbb1 $2 {[%emt 0:05:13] White is now going downhill.} (24. Qd3 $11) 24... Nxd4 $19 ({And not} 24... Qxd4 25. Qxd4 Bxd4 26. Rb7 $15) ({Inferior is} 24... Bxd4 25. Rbd1 Rf8 26. Be3 Bxh3 27. gxh3 $11 (27. Bxd4 $2 Qxg2#)) 25. Be3 {[%emt 0:07:08] [#] White is weak on the light squares} (25. Kh2) 25... Bxh3 $1 {[%emt 0:10:53][%csl Gh3][%cal Rd5g2][%mdl 576] Deflection. This pair of bishops is nice.} 26. f3 (26. f4 Rc2) 26... Be6 $2 (26... Rc2 27. Qxc2 Nxc2) 27. Red1 Rd8 28. Qf2 (28. Qe1 $17) 28... Qxa2 {[%emt 0:00:06][%cal Og7f6] ...Bf6! is the strong threat.} 29. Qh4 {[%emt 0:00:49] Repels Bf6} (29. Kh1 $17) 29... Ne2+ 30. Kh1 (30. Kh2 {was worth a try.} Rxd1 31. Rxd1) 30... Re8 31. Rb7 {[%emt 0:01:11] [#]} Bf7 $1 32. Bxa7 (32. Rxa7 $2 {is the wrong capture.} Qb3 33. Rad7 Qxe3 $19) (32. Re7 $142) 32... h6 33. Re7 Rxe7 34. Qxe7 Nf4 35. Qd8+ Kh7 36. Qd2 Qxa7 37. Qxf4 Qe7 38. Qd6 Qg5 {[%emt 0:00:10] And now ...Be5 would win.} 39. Qd7 Qf4 {[%emt 0:01:13] White must now prevent ...Be5.} 40. Kg1 Be5 41. Qh3 $2 (41. Qg4) 41... h5 42. Qd7 Kg7 43. Qd2 (43. Kf1 $19) 43... Qh2+ 44. Kf1 Bc4+ {[%emt 0:00:12] A cool game by Matviishen.   Weighted Error Value: White=0.58/Black=0.26 (precise)} 0-1

[Event "10th Cherry Blossom Classic 2023"]
[Site "Dulles"]
[Date "2023.05.27"]
[Round "3.13"]
[White "Prem, Pranav"]
[Black "Kiewra, Keaton"]
[Result "0-1"]
[ECO "A40"]
[WhiteElo "2061"]
[BlackElo "2352"]
[Annotator "TA"]
[PlyCount "208"]
[EventDate "2023.05.24"]
[EventType "swiss"]
[EventCountry "USA"]
[SourceTitle "playchess.com"]
[Source "ChessBase"]
[SourceQuality "1"]
[TimeControl "5400+30"]

1. d4 e6 2. c4 b6 3. Nf3 Bb7 4. g3 Bb4+ 5. Bd2 Bxf3 6. exf3 Bxd2+ 7. Qxd2 d5 8. Nc3 {[%emt 0:02:48] A40: Unusual replies to 1 d4.} Ne7 9. cxd5 exd5 10. Bh3 {[%emt 0:08:55] White is slightly better.} O-O 11. O-O c6 12. Rac1 Qd6 13. Ne2 {[%emt 0:05:24] [#]} c5 $146 ({Better is} 13... Re8 $14) ({Predecessor:} 13... a5 14. Rc3 Na6 15. Rfc1 Nc7 16. Nf4 {½-½ Tibensky,R (2396)-Lipka,J (2441) SVK-chT1W 1213 2012 (5.1)}) 14. dxc5 $16 bxc5 15. Rfd1 (15. Nc3 $16) 15... Na6 (15... Nbc6 $14) 16. Nc3 Rfd8 17. Na4 Nc6 18. Bf1 Ne5 19. Qe2 ({White should play} 19. Qa5 $18 c4 20. Bxc4) 19... c4 20. b3 Nd3 21. Rc3 Re8 (21... Qb4 $16) 22. Qd2 $18 Ne5 23. f4 (23. bxc4 $6 Qc6 $18) (23. Qxd5 $6 Qxd5 24. Rxd5 Nb4 $16) 23... Ng4 24. h3 Nf6 25. Rxc4 (25. bxc4 Ne4 26. Qxd5 Qxd5 27. cxd5 Nxc3 28. Nxc3 Nc5 $14) 25... Nc7 26. Qb4 Qd8 27. Rcc1 Ne6 28. Bg2 Rb8 29. Qd2 Qe7 30. Qa5 Rbd8 (30... Qa3 $16) 31. Bxd5 Nxd5 32. Rxd5 Nd4 33. Rxd8 Rxd8 34. Rf1 $2 (34. Nc3 $1 $18) 34... Nf3+ $11 35. Kg2 Rd3 $2 (35... Nd2 $11 {and Black stays safe.} 36. Rc1 Qe4+ 37. Kg1 Nf3+ 38. Kf1 Nd2+ 39. Kg1 Nf3+ 40. Kf1 Nd2+ 41. Kg1) 36. Qb5 $18 Qd8 37. Nc5 Qa8 {[%emt 0:03:10] ( -> ...Ne1+)} 38. Qb7 (38. Qxd3 $2 Nh4+ 39. Kh2 Qg2#) 38... Qxb7 39. Nxb7 {[%emt 0:00:02][%mdl 4096] Endgame KRN-KRN} Nd4 40. Rc1 Kf8 (40... h6 $142 41. Na5 Rd2) 41. Rc8+ Ke7 42. Rc7+ Ke6 43. Nc5+ Kd6 44. Nxd3 (44. Rxf7 Kxc5 45. Rxg7 (45. Rxa7 g6 $18) 45... h6 46. Rxa7 Nb5 $18) (44. Na6 $142) 44... Kxc7 {[%emt 0:00:04] KN-KN} 45. f3 Kd6 46. Kf2 Kd5 (46... g6 $142 47. Ne5 Ke6) 47. g4 Nc2 48. Ne1 Nb4 49. a3 $1 Nc6 50. Nc2 Na5 51. Ne3+ Kd4 52. b4 Nc6 (52... Nb7 53. Nf5+ Kc3) 53. Nf5+ Kc3 54. Nd6 Nd4 $2 (54... Kb3 {is a better defense.} 55. b5 (55. Nxf7 Kxa3 56. b5 Nd4 $18) 55... Nd8) 55. Nxf7 Kb3 56. Ne5 Kxa3 57. f5 $2 (57. Ke3 $18 {is more deadly.} Nc2+ 58. Ke4) 57... Kxb4 $16 58. Ke3 Kc3 {[%emt 0:00:15] [#] ...a5 is the strong threat.} 59. Nd7 $1 {[%emt 0:00:42] Strongly threatening Ke4.} a5 60. Nb6 {[%emt 0:00:04] Threatens to win with h4.} Nc6 61. g5 Kb4 62. f6 gxf6 63. gxf6 {[%emt 0:00:01] And now f7 would win.} Nd8 64. Kd4 Kb5 65. Nd5 (65. Nc4 $5 a4 66. Kd5 $14 (66. Nd6+ Kc6 $11)) 65... Kc6 66. Ke5 Nf7+ 67. Ke6 Ng5+ 68. Ke5 Nxf3+ 69. Ke6 (69. Ke4 $5 Ng5+ $8 70. Ke5 $11) 69... Ng5+ 70. Ke5 Kd7 71. Nb6+ Ke8 72. h4 Nf7+ 73. Ke6 Nd8+ 74. Kf5 Kf7 75. Nc4 a4 76. Nd6+ Kf8 {[%emt 0:00:10] Hoping for ...a3.} 77. Nc4 Nc6 78. Kg5 Nd4 ({Of course not} 78... Kf7 79. Nd6+ Ke6 80. Nb5 $17) 79. h5 $1 Kf7 80. Ne5+ Ke6 81. Nc4 Nf3+ (81... Nb5 $5) 82. Kg4 Ne1 83. Kg5 Nd3 (83... Nc2 $5) 84. Kh6 Nf4 85. Kg5 $2 (85. Kxh7 $11 Nxh5 86. f7) 85... Nd5 $19 86. f7 Kxf7 87. Kh6 Nf6 88. Ne5+ Ke6 89. Nc4 Kf5 90. Ne3+ Ke4 91. Nc4 {[%emt 0:00:06] [#]} Kf4 $1 92. Na3 Kg4 93. Nb5 Nxh5 94. Kxh7 Kf5 95. Na3 Nf4 96. Kg7 Ke6 (96... Ke4 $142 97. Kf6 Kd4 98. Kg5 Ne2 99. Kg4 Kc5 100. Kf3 Kb4 101. Nc2+ Kb3 102. Ne1 Nc1 103. Ke4 a3 104. Nf3 a2 105. Nd4+ Kc4 106. Nc2 Kc3 107. Nd4 a1=Q 108. Nb5+ Kd2 109. Nd6 Qg7 110. Nc4+ Kc3 111. Ne5 Qg5 112. Nf3 Qg4+ 113. Kd5 Qxf3+ 114. Ke5 Qf7 115. Kd6 Nd3 116. Kc6 Qe7 117. Kb5 Qb7+ 118. Ka5 Nb4 119. Ka4 Qa6#) 97. Nb1 Ne2 {[%emt 0:00:38] Black mates.} 98. Na3 Kd5 99. Kf6 Kc5 100. Ke5 Kb4 101. Nb1 Nc3 102. Nd2 a3 103. Nf3 Nb5 104. Ne1 Kc3 {[%emt 0:00:12] Black used his chance.   Weighted Error Value: White=0.28 (precise) /Black=0.43} 0-1

[Event "10th Cherry Blossom Classic 2023"]
[Site "Dulles"]
[Date "2023.05.27"]
[Round "3.14"]
[White "Chabris, Christopher"]
[Black "Prabhu, Naveen"]
[Result "1/2-1/2"]
[ECO "C18"]
[WhiteElo "2053"]
[BlackElo "2138"]
[Annotator "TA"]
[PlyCount "109"]
[EventDate "2023.05.24"]
[EventType "swiss"]
[EventCountry "USA"]
[SourceTitle "playchess.com"]
[Source "ChessBase"]
[SourceQuality "1"]
[TimeControl "5400+30"]

1. e4 e6 2. d4 d5 3. Nc3 Bb4 4. e5 c5 5. a3 Bxc3+ 6. bxc3 Ne7 7. h4 Qc7 8. h5 {[%emt 0:00:35] C18: French: 3 Nc3 Bb4: Main line: 7 h4 and 7 Qg4.} h6 9. Rb1 Nbc6 10. Qg4 Rg8 11. Bd3 c4 12. Bh7 {[%emt 0:08:34] [#]} Nxe5 $1 13. Qg3 {[%emt 0:20:01][%mdl 64] [#] Pin} Nd3+ $1 14. cxd3 Qxg3 15. fxg3 Rh8 {[%emt 0:00:10] [#]} 16. Be4 $146 ({Predecessor:} 16. dxc4 Rxh7 17. c5 Nc6 18. Bf4 Na5 19. Nf3 Nc4 20. a4 Kd7 21. Nd2 Nxd2 22. Kxd2 {1-0 Bartel,M (2627)-Baum,J (2420) EU-ch Rapid Katowice 2022 (9)}) 16... dxe4 17. dxe4 f5 {[%emt 0:18:57] Black is weak on the dark squares} (17... b6 $11 {feels stronger.}) 18. Nf3 fxe4 19. Nd2 b6 20. Nxe4 (20. Nxc4 Ba6 21. Nd6+ Kd7 $17) 20... Nd5 21. a4 Bb7 (21... Kf7 $11 {keeps the balance.}) 22. Ba3 Kd7 (22... Bc6 $14) 23. Rf1 Nf6 24. Nxf6+ gxf6 25. Rxf6 Bxg2 {[%emt 0:01:42] [#]} 26. a5 Bd5 $14 27. a6 (27. axb6 axb6 28. Bc1 Kc6 $11) (27. Kf2 $14) 27... Kc6 ({Black should play} 27... Rhg8 $11) 28. Kf2 Rh7 29. Bf8 Rh8 30. Bxh6 {[%emt 0:01:43] White has more active pieces.} (30. Rxh6 $2 Raxf8+ 31. Ke1 Rxh6 $19) 30... Rag8 31. Bf4 (31. Rg1 $1 $16) 31... Rxh5 $11 32. Rf7 b5 33. Rb7 Be4 34. Re1 Rh2+ 35. Ke3 Bf5 (35... Bd5 $5 ) 36. Rxa7 Ra2 (36... Kb6 37. Rf7 $16) (36... Rc2 $1 $11) 37. Rh1 (37. Rc7+ $1 $16 Kb6 38. Rf7) 37... Bg4 38. Re1 {[%emt 0:01:46] Wards off Re2+} Kb6 (38... Rc2 {looks sharper.} 39. d5+ Kxd5 40. Rd7+ Kc6) 39. Rd7 Kxa6 40. Bd6 {[%emt 0:00:35] Bc5 would be deadly.} Kb6 {[%emt 0:00:46] Strongly threatening ...Kc6.} 41. Bc5+ Kc6 42. Rd6+ Kc7 43. Rb6 Rc2 (43... Bh3 $5 ) 44. Ra1 Rxc3+ $2 {[%emt 0:00:45][%mdl 8192] [#]} (44... Re2+ $11 45. Kf4 Rf2+ 46. Ke5 Re2+ 47. Kf6 Rf2+ 48. Ke5 (48. Ke7 $2 Rg7+ 49. Ke8 Bh5#) 48... Re2+ 49. Kf6 Rf2+ 50. Ke5 (50. Ke7 $2 Rg7+ 51. Ke8 Bh5#)) 45. Kd2 $2 (45. Kf4 $1 $18 {White threatens Ra7+ and mate.} Rf3+ 46. Ke4 Rxg3 47. Ra7+ (47. Rxb5 Bf3+ 48. Ke5 R3g5+ 49. Kf6 Kc8 $17) 47... Kc8 48. Rc6+ (48. Rxb5 Bf3+ 49. Kf4 Bg2 $17) 48... Kb8 49. Rf7) 45... Rd3+ (45... Rxg3 {leads to mate.} 46. Ra7+ (46. Rxb5 $2 Rh8 $19) 46... Kc8 47. Bd6 (47. Rxb5 $2 c3+ 48. Kc2 Bf5+ 49. Kb3 c2+ 50. Ka4 Rd8 $19) 47... c3+ 48. Kc2 Rg2+ 49. Kxc3 b4+ 50. Rxb4 (50. Kxb4 Rb2+ 51. Kc5 Rc2+ 52. Kb4 Rb2+ 53. Kc5 Rc2+ 54. Kb4 Rb2+ $11) (50. Kxb4 Rb2+ 51. Kc5 Rc2+ 52. Kb4 Rb2+ 53. Kc5 Rc2+ 54. Kb4 Rb2+ $11)) 46. Kc2 {[%emt 0:00:06] White wants to mate with Ra7+.} Rb8 $2 (46... Rxg3 $2 47. Ra7+ (47. Rxb5 $2 {loses.} Bf5+ 48. Kb2 c3+ 49. Kb3 c2+ 50. Kb4 Rd3 $19) 47... Kc8 48. Bd6 (48. Rxb5 Bf5+ 49. Kb2 c3+ 50. Ka2 Rg1 $17) 48... Bf5+ 49. Kd2 c3+ 50. Ke2 Bd3+ 51. Kf2 Rg2+ 52. Kf3 Be2+ 53. Ke3 R8g3+ 54. Bxg3 Rxg3+ 55. Kxe2 $18) (46... Bf5 $11 47. Ra7+ Kc8 48. Ra8+ Kd7 49. Ra7+ Kc8 50. Ra8+ Kd7 51. Ra7+ Kc8) 47. Ra7+ Kc8 48. Rc6+ Kd8 49. Rd6+ Ke8 50. Rdd7 {[%emt 0:00:29] Intending Rh7 and mate.} b4 51. Re7+ Kd8 {[%emt 0:00:00] [#]} 52. Rad7+ $2 (52. Bxb4 $1 {mates} Bd1+ 53. Kc1 Rxb4 54. Rh7 Rc3+ 55. Kxd1 Rb1+ 56. Kd2 Rd3+ 57. Kc2) 52... Kc8 {[%emt 0:00:01] The position is equal.} 53. Rc7+ Kd8 {[%emt 0:00:01] aiming for ...Bd1+.} 54. Rcd7+ Kc8 {[%emt 0:00:00] Hoping for ...Bd1+.} 55. Rc7+ {[%emt 0:00:29] Weighted Error Value: White=0.32/Black=0.53} 1/2-1/2

[Event "10th Cherry Blossom Classic 2023"]
[Site "Dulles"]
[Date "2023.05.27"]
[Round "3.15"]
[White "Girsh, Daniel"]
[Black "Su, Kevin"]
[Result "1-0"]
[ECO "B48"]
[WhiteElo "2123"]
[BlackElo "2038"]
[Annotator "TA"]
[PlyCount "39"]
[EventDate "2023.05.24"]
[EventType "swiss"]
[EventCountry "USA"]
[SourceTitle "playchess.com"]
[Source "ChessBase"]
[SourceQuality "1"]
[TimeControl "5400+30"]

1. e4 c5 2. Nf3 e6 3. d4 cxd4 4. Nxd4 Nc6 5. Nc3 Qc7 6. Be3 a6 7. g4 $1 {[%emt 0:00:39][%cal Bg2g4,Bg4g5,Bg5f6][%mdl 4] 7.g4 is a critical line. B48: Sicilian: Taimanov: 5 Nc3 Qc7 6 Be3 a6 without Be2.} Bb4 8. Nxc6 Qxc6 9. Qd4 {[%emt 0:00:24][%csl LRb4,LRg7] White is slightly better.} Bxc3+ 10. bxc3 Nf6 {[%emt 0:00:13] [#] Black is weak on the dark squares} 11. g5 $146 ({Predecessor:} 11. f3 d6 12. O-O-O O-O 13. c4 Rd8 14. Qb6 Rd7 15. Be2 a5 16. Rd2 Ra6 17. Qxc6 Rxc6 {1-0 Topalov,V (2730)-Javakhishvili,L (2479) Salamanca Masters 4th 2021 (1)}) 11... Qxe4 $2 ({Black should try} 11... Nxe4 $14 12. Qxg7 Rf8) 12. gxf6 $18 Qxh1 (12... Qxd4 $142 13. Bxd4 g6) 13. Qd6 gxf6 {[%emt 0:00:08] Strongly threatening ...Qc6.} 14. Bc5 Qe4+ 15. Be2 Qh1+ (15... Qxc2 $2 16. Qe7#) 16. Bf1 {[%emt 0:00:23][%csl Gc5][%cal Rd6e7,Be2f1,Bf1d3,Bd3e4][%mdl 32] This pair of bishops is nice.} Qe4+ {[%emt 0:00:04] [#]} 17. Kd2 $1 ({Stronger than} 17. Be2 Qh1+ 18. Bf1 $11) 17... Kd8 {[%emt 0:01:03] [#]} (17... Qd5+ 18. Qxd5 Kd8 19. Qd4 d5 20. Qxf6+ Kc7 21. Qf4+ Kd8 22. Qxf7) 18. Bd4 $1 Qf5 (18... Qh4 $16 {is tougher.}) 19. Bd3 Qf3 {[%emt 0:02:12] [#]} (19... Qg5+ $18 20. f4 Qh6) 20. Be4 $1 {[%emt 0:00:37][%mdl 576] Deflection.   Weighted Error Value: White=0.87/Black=1.30} 1-0

[Event "10th Cherry Blossom Classic 2023"]
[Site "Dulles"]
[Date "2023.05.27"]
[Round "3.16"]
[White "Kanli, Alperen"]
[Black "Ismayilova, Khanim"]
[Result "1/2-1/2"]
[ECO "D11"]
[WhiteElo "2111"]
[BlackElo "1562"]
[Annotator "TA"]
[PlyCount "86"]
[EventDate "2023.05.24"]
[EventType "swiss"]
[EventCountry "USA"]
[SourceTitle "playchess.com"]
[Source "ChessBase"]
[SourceQuality "1"]
[TimeControl "5400+30"]

1. d4 d5 2. c4 c6 3. Nf3 Nf6 4. g3 dxc4 5. a4 g6 6. Bg2 {[%emt 0:01:38] D11: Slav Defence: 3 Nf3 sidelines and 3...Nf6 4 e3 Bg4.} Bg7 7. Na3 Be6 8. Ng5 {[%emt 0:01:34] White wants to play Nxe6.} Bd5 9. e4 h6 $1 10. exd5 hxg5 11. dxc6 Nxc6 12. Nxc4 O-O 13. Bxg5 (13. d5 $5 Na5 14. Na3 $11) 13... Qxd4 14. Qxd4 (14. Rc1 {is more complex.} Rac8 15. O-O Rfd8 16. Be3) 14... Nxd4 15. O-O ({But not} 15. Bxb7 Rab8 16. Na5 (16. Rd1 $2 Nh7 $19) 16... Nc2+ 17. Ke2 Nxa1 18. Rxa1 Rfd8 $15) 15... Rac8 {[%emt 0:01:39] [#]} 16. Ne3 $146 ({Predecessor:} 16. Na3 Nc2 17. Rac1 Nxa3 18. bxa3 b6 19. Bb7 Rxc1 20. Rxc1 Rd8 21. Rc7 Nd5 22. Bxd5 Rxd5 23. Bxe7 {½-½ Ovchinnikov,V (2329)-Belozerov,A (2528) Wch Rapid St Petersburg 2018 (12)}) 16... Ne6 17. Bxf6 Bxf6 18. Nd5 Kg7 ({Resist} 18... Bxb2 19. Rab1 (19. Nxe7+ Kg7 $16) 19... Ba3 20. Rxb7 $16) 19. Nxf6 Kxf6 20. Rfd1 Rc2 21. b4 Rb2 22. b5 Nc5 23. Rd4 b6 24. Bc6 {[%emt 0:00:23] The position is equal.} Kg7 25. Ra3 Rc8 26. a5 $1 bxa5 27. Rd5 Rc2 28. Rxa5 a6 29. bxa6 Nxa6 30. Bb7 Nb4 31. Bxc8 Nxd5 32. Rxd5 {[%emt 0:00:06] [#] aiming for Ba6.} Rxc8 $11 {[%emt 0:00:04][%mdl 4096] Endgame KR-KR} 33. Kg2 Rc3 34. Rd7 e6 35. g4 g5 36. Ra7 Kg6 37. Ra6 Rb3 38. h3 Rc3 39. Ra8 Kg7 40. f3 Rb3 41. Ra5 Kg6 42. Ra8 Kg7 43. Kg3 Rc3 {[%emt 0:00:11] A rather calm draw.   Weighted Error Value: White=0.05 (flawless) /Black=0.05 (flawless)} 1/2-1/2